 Dungeon Sprint DCSS version 0.13-a0-2001-g039544c (webtiles) character file.

449 Bloax the Skirmisher (level 6, -20/52 HPs)
             Began as a Centaur Skald on June 25, 2013.
             Was a Believer of Okawaru.
             Killed from afar by a deep elf annihilator (36 damage)
             ... with an iron shot
             ... in the Dungeon (Sprint V: "Ziggurat Sprint").
             The game lasted 00:02:04 (131 turns).

Bloax the Skirmisher (Centaur Skald)                 Turns: 131, Time: 00:02:04

HP -20/52        AC 16     Str 31      XL: 6   Next: 66%
MP   0/13        EV -1     Int 12      God: Okawaru [**....]
Gold 20          SH 22     Dex  8      Spells:  1 memorised, 13 levels left

Res.Fire  : + . .   See Invis. : +   I - +12,+15 obsidian axe {chop, +Fly Str+3 SIn Res.Cold : + . . Warding : . l - +5 gold dragon armour Life Prot.: + . . Conserve : . J - +6 shield of the gong {Spirit, rElec rN+ M
Res.Poison: +       Res.Corr.  : .   (no helmet)
Res.Elec. : +       Clarity    : .   (no cloak)
Sust.Abil.: . .     Spirit.Shd : +   (no gloves)
Res.Mut.  : .       Prev.Telep.: +   (no barding)
Res.Rott. : .       Flight     : .   (no amulet)
Saprovore : . . .                    k - +6 ring of strength
                                     b - +6 ring of strength

@: mesmerised, very quick, quite resistant to hostile enchantments, extremely
unstealthy
A: hooves 3, deformed body, herbivore 1, speed 2, fast metabolism 1, tough skin
3
a: Heroism, Renounce Religion, Evoke Flight


You were in the Dungeon.
You worshipped Okawaru.
Okawaru was most pleased with you.
You were completely stuffed.

You visited 1 branch


Innate Abilities, Weirdness & Mutations

You have hooves in place of feet.
Armour fits poorly on your strangely shaped body.
You digest meat inefficiently.
You cover ground very quickly.
You have a fast metabolism.
You have extremely tough skin (AC +3).


   Skills:
 + Level 6.3 Fighting
 + Level 5.8 Axes
 + Level 4.5 Armour
 - Level 0.6 Dodging
 + Level 4.8 Spellcasting
 + Level 6.1 Charms


You had 13 spell levels left.
You knew the following spells:

 Your Spells              Type           Power        Failure   Level  Hunger
a - Infusion              Chrm           ###...       100%        1    None


Dungeon Overview and Level Annotations

Branches:
Dungeon (1/1)

Altars:
Ashenzari
Cheibriados
Elyvilon
Fedhas
Kikubaaqudgha
Makhleb
Nemelex Xobeh
Okawaru
Sif Muna
Trog
Vehumet
Xom
Yredelemnul
Zin
the Shining One
Beogh
Jiyva
Lugonu

Inventory:

Hand weapons
 I - the cursed +12,+15 obsidian axe (weapon) {chop, +Fly Str+3 SInv Curse}
   (You found it in the Dungeon)

   It inflicts extra damage upon your enemies.
   It affects your strength (+3).
   It enhances your eyesight.
   It lets you fly.
   It may recurse itself.
   It has a curse placed upon it.
Armour
 a - the +4 scale mail "Trooq" {Str+2 Dex+1}
   (You found it in the Dungeon)

   It affects your strength (+2).
   It affects your dexterity (+1).
 l - a +5 gold dragon armour (worn)
   (You found it in the Dungeon)
 J - the +6 shield of the gong (worn) {Spirit, rElec rN+ MR+}
   (You found it in the Dungeon)

   It insulates you from electricity.
   It protects you from negative energy.
   It affects your resistance to hostile enchantments.
Magical devices
 C - a wand of disintegration (7)
   (You found it in the Dungeon)
 D - a wand of fire (5)
   (You found it in the Dungeon)
 E - a wand of cold (5)
   (You found it in the Dungeon)
 F - a wand of draining (5)
   (You found it in the Dungeon)
Comestibles
 f - 6 bread rations
 A - 42 strawberries
 B - 2 meat rations
Scrolls
 j - 4 scrolls of blinking
 m - 4 scrolls of amnesia
 n - 3 scrolls of recharging
 o - 7 scrolls of fog
 p - 5 scrolls of identify
 q - 5 scrolls of remove curse
 y - 2 scrolls of fear
 z - a scroll of holy word
Jewellery
 b - a +6 ring of strength (left hand)
   (You found it in the Dungeon)
 k - a +6 ring of strength (right hand)
   (You found it in the Dungeon)
Potions
 d - 4 potions of berserk rage
 e - 10 potions of curing
 g - 10 potions of heal wounds
 h - 6 potions of speed
 i - 7 potions of magic
 r - 2 potions of brilliance
 s - 2 potions of restore abilities
 t - 4 potions of resistance
 u - a potion of experience
 v - 5 potions of agility
 w - 5 potions of might
 x - 2 potions of invisibility
Books
 c - a book of Battle

   Spells                             Type                      Level
   *Infusion                          Charms                       1
   Shroud of Golubria                 Charms/Translocation         2
   Song of Slaying                    Charms                       2
   Spectral Weapon                    Conjuration/Charms           3
   Regeneration                       Charms/Necromancy            3
   Song of Shielding                  Charms                       5
 G - a tome of Destruction {!d}
   (You found it in the Dungeon)
Miscellaneous
 H - a disc of storms
   (You found it in the Dungeon)

###################
#.8^8.#.8^8.#.8^8.#
#.eee.#.[[..#.....#
#..e..#..44.#.}.=.#
#.....#.[)¤.#.....#
#.....#...¤.#..3..#
#.....#.....#.....#
#..@..#.....#######
#############


You could see a deep elf annihilator, a deep elf knight, a deep elf fighter and
a deep elf summoner.


Message History

Unknown command.
You barely miss the deep dwarf artificer.
The deep dwarf artificer is almost dead.
You hit the deep dwarf.
The deep dwarf is almost dead.
You hit the deep dwarf but do no damage.
The deep dwarf is moderately wounded.
You block the deep dwarf's attack.
GONNNNG!
The deep dwarf hits your rotting devil with a runed broad axe.
The deep dwarf artificer hits you but does no damage.
Your rotting devil hits the deep dwarf.
The deep dwarf dies!
Your Axes skill increases to level 4!
Your Armour skill increases to level 3!
You have reached level 5!
The deep dwarf hits you with a dwarven hand axe.
* * * LOW HITPOINT WARNING * * *
The deep dwarf hits your rotting devil with a dwarven hand axe.
The deep dwarf artificer hits you.
* * * LOW HITPOINT WARNING * * *
Unknown command.
You slice the deep dwarf artificer!!
You kill the deep dwarf artificer!
Okawaru appreciates your kill.
Your Fighting skill increases to level 5!
Your Axes skill increases to level 5!
Your Armour skill increases to level 4!
Your Spellcasting skill increases to level 4!
Your Charms skill increases to level 5!
You have reached level 6!
Your experience leads to an increase in your attributes!
Increase (S)trength, (I)ntelligence, or (D)exterity?
You feel clever.
You closely miss the deep dwarf.
The deep dwarf is moderately wounded.
Your sixfirhy hits the deep dwarf.
Your sixfirhy shocks the deep dwarf!
The deep dwarf hits your rotting devil with a dwarven hand axe!
The deep dwarf hits you but does no damage.
Your sixfirhy hits the deep dwarf.
Your sixfirhy shocks the deep dwarf!
The deep dwarf hits your sixfirhy with a dwarven hand axe.
The deep dwarf hits you but does no damage.
Unknown command.
You slice the deep dwarf!!
You break out of your daze!
You kill the deep dwarf!
Okawaru accepts your kill.
Your Fighting skill increases to level 6!
Your Charms skill increases to level 6!
Unknown command.
Unknown command.
Things that are here:
a runed broad axe; a dwarven chain mail The cursed -5 crystal plate armour "Gidghob" {+Blink MR++}.
The floor.
You see here the +4 scale mail "Trooq" {Str+2 Dex+1}.
A +0 chain mail of cold resistance.
The floor.
a - the +4 scale mail "Trooq" {Str+2 Dex+1} Your surroundings seem different!
Welcome to arena 3.
A deep elf fighter, a deep elf knight, a deep elf summoner and a deep elf annihilator come into view.
Visions of slaying the deep elf summoner flood into your mind.
The deep elf annihilator shouts!
The deep elf fighter shouts!
The deep elf summoner shouts!
The deep elf knight unwields an uncursed elven long sword.
The deep elf knight drops an uncursed elven long sword.
The deep elf knight picks up the cursed +0,-2 battleaxe "Psoh" {chop, Str+2}.
The deep elf knight wields the cursed +0,-2 battleaxe "Psoh" {chop, Str+2}.
The deep elf annihilator gestures at you while chanting.
The iron shot hits you!
Ouch! That really hurt!
You die...

Action                   |  1- 3 |  4- 6 || total
-------------------------+-------+-------++-------
Melee: Broad axe         |     1 |     8 ||     9

Vault maps used:
D:        sprint_v

Notes
Turn   | Place    | Note
--------------------------------------------------------------
     0 | D        | Bloax, the Centaur Skald, began the quest for the Orb.
     0 | D        | Reached XP level 1. HP: 17/17 MP: 2/2
     0 | D        | Found an ancient bone altar of Kikubaaqudgha.
     2 | D        | Found an iron altar of Okawaru.
     2 | D        | Found a basalt altar of Yredelemnul.
     6 | D        | Banished a spatial maelstrom
    52 | D        | Found a radiant altar of Vehumet.
    53 | D        | Found a burning altar of Makhleb.
    54 | D        | Found a white marble altar of Elyvilon.
    55 | D        | Found a deep blue altar of Sif Muna.
    55 | D        | Found a sparkling altar of Nemelex Xobeh.
    56 | D        | Found a bloodstained altar of Trog.
    93 | D        | Found a shimmering altar of Xom.
   106 | D        | Became a worshipper of Warmaster Okawaru
   109 | D        | Entered arena 1.
   109 | D        | Noticed a necrophage
   111 | D        | Killed a necrophage
   111 | D        | Acquired Okawaru's first power
   111 | D        | Reached skill level 4 in Fighting
   111 | D        | Reached skill level 3 in Axes
   111 | D        | Reached skill level 2 in Armour
   111 | D        | Reached skill level 3 in Spellcasting
   111 | D        | Reached skill level 4 in Charms
   111 | D        | Reached XP level 2. HP: 25/25 MP: 0/4
   111 | D        | Reached XP level 3. HP: 30/30 MP: 0/6
   111 | D        | Reached XP level 4. HP: 38/38 MP: 0/7
   117 | D        | Entered arena 2.
   117 | D        | Noticed a deep dwarf
   117 | D        | Noticed a deep dwarf artificer
   117 | D        | Noticed a deep dwarf
   124 | D        | Killed a deep dwarf
   124 | D        | Reached skill level 4 in Axes
   124 | D        | Reached skill level 3 in Armour
   124 | D        | Reached XP level 5. HP: 19/44 MP: 2/9
   125 | D        | Killed a deep dwarf artificer
   125 | D        | Reached skill level 5 in Fighting
   125 | D        | Reached skill level 5 in Axes
   125 | D        | Reached skill level 4 in Armour
   125 | D        | Reached skill level 4 in Spellcasting
   125 | D        | Reached skill level 5 in Charms
   125 | D        | Reached XP level 6. HP: 15/52 MP: 1/12
   126 | D        | Killed a deep dwarf
   126 | D        | Reached skill level 6 in Fighting
   126 | D        | Reached skill level 6 in Charms
   130 | D        | Got the +4 scale mail "Trooq" {Str+2 Dex+1}
   131 | D        | Entered arena 3.
   131 | D        | Noticed a deep elf annihilator
   131 | D        | Noticed a deep elf fighter
   131 | D        | Noticed a deep elf knight
   131 | D        | Noticed a deep elf summoner
   131 | D        | Killed from afar by a deep elf annihilator

Vanquished Creatures
  A deep dwarf artificer (D)
  A necrophage (D)
  A deep dwarf (D)
  A rat zombie (D)
4 creatures vanquished.

Vanquished Creatures (collateral kills)
  A deep dwarf (D)
1 creature vanquished.

Vanquished Creatures (others)
  A spatial maelstrom (D)
1 creature vanquished.

Grand Total: 6 creatures vanquished
